 Dungeon Crawl Stone Soup version 0.25-a0-566-g062765b (webtiles) character file.

Game seed: 10554372905769550473, levelgen mode: deterministic

0 15 the Caller (level 1, 0/13 HPs)
             Began as a Barachi Summoner on Feb 28, 2020.
             Slain by a jackal (1 damage)
             ... on level 1 of the Dungeon.
             The game lasted 00:00:31 (42 turns).

15 the Caller (Barachi Summoner)                      Turns: 42, Time: 00:00:31

Health: 0/13       AC:  2    Str:  9    XL:     1   Next: 10%
Magic:  1/3        EV: 12    Int: 15    God:
Gold:   0          SH:  0    Dex: 12    Spells: 3/4 levels left

rFire    . . .     SeeInvis .   (no weapon)
rCold    . . .     Gourm    .   (no shield)
rNeg     . . .     Faith    .   a - +0 robe
rPois    .         Spirit   .   (no helmet)
rElec    .         Reflect  .   (no cloak)
rCorr    .         Harm     .   (no gloves)
MR       .....                  (no boots)
Stlth    ++........             (no amulet)
HPRegen  0.04/turn              (no ring)
MPRegen  0.08/turn              (no ring)

@: can't hop, slow
A: +LOS, swims, slowness 1, strong legs 1
a: Hop


You were on level 1 of the Dungeon.
You were not hungry.

You visited 1 branch of the dungeon, and saw 1 of its levels.

Inventory:

Armour
 a - a +0 robe (worn)
Comestibles
 c - a ration


   Skills:
 + Level 2.1 Dodging
 + Level 1.7 Stealth
 + Level 2.1 Spellcasting
 + Level 4.8 Summonings


You had 3 spell levels left.
You knew the following spells:

 Your Spells              Type           Power        Failure   Level  Hunger
a - Summon Small Mammal   Summ           ###.         3%          1    #......

Your spell library contained the following spells:

 Spells                   Type           Power        Failure   Level  Hunger
 Call Imp                 Summ           ###.....     4%          2    ###....
 Call Canine Familiar     Summ           ###.....     9%          3    ###....
 Summon Guardian Golem    Hex/Summ       #.......     24%         3    ###....
 Summon Ice Beast         Ice/Summ       #.......     63%         4    #####..
 Summon Lightning Spire   Summ/Air       #.......     63%         4    #####..


Dungeon Overview and Level Annotations

Branches:
Dungeon (1/15)

Altars:


Innate Abilities, Weirdness & Mutations

You can be seen from farther away. (+LOS)
You can swim through water.
You cover ground slowly.
You can hop short distances.


Message History

Your bat hits the leopard gecko but does no damage.
The bat completely misses you. The jackal closely misses you.
The jackal bites you. The jackal barely misses you.
The jackal moves out of view.
The bat closely misses you. The jackal closely misses you.
The bat closely misses you.
Your bat barely misses the jackal.
The jackal bites you.
* * * LOW HITPOINT WARNING * * *
Your bat hits the jackal but does no damage.
The bat closely misses you.
Your bat barely misses the bat.
Your bat misses the bat. The jackal closely misses your bat.
Your bat misses the jackal. The bat hits you but does no damage.
The bat barely misses you. The jackal bites your bat.
Your bat dies!
Your bat's corpse disappears in a puff of smoke!
A jackal comes into view.
The bat barely misses you. The jackal bites you.
* * * LOW HITPOINT WARNING * * *
The bat closely misses you. The jackal bites you.
You die...

. #....##.##.
#.##h #..........
.....###.>#.##.###
..........#.#.#
#.##.#.##....#
.........r.######
.####...hl........
.......bh#.#######
#####.##@#.# #.
#.#.. # #'#### #.#
#.# +.+ #.# #.#
##'##


You could see a leopard gecko, 3 jackals, a bat and a rat.

Vanquished Creatures
  A bat (D:1)
1 creature vanquished.

Notes
Turn   | Place    | Note
-------+----------+-------------------------------------------
     0 | D:1      | 15 the Barachi Summoner began the quest for the Orb.
     0 | D:1      | Reached XP level 1. HP: 13/13 MP: 3/3
    42 | D:1      | Slain by a jackal

Levels and vault maps discovered:
D:1:      dpeg_arrival_three_smaller_balls, layout_loops_ring,
          minmay_heptomino_l4

Action                   || total
-------------------------++-------
Melee: Unarmed           ||    10
 Cast: Summon Small Mamm ||     3
 Abil: Hop               ||     1
 Stab: Sleeping          ||     1
Armor: Robe              ||     7
Dodge: Dodged            ||    25

Table legend:
 A = Non-vault XP
 B = Vault XP
 C = Vault XP percentage of total XP
 D = Non-vault monster count
 E = Vault monster count
 F = Vault count percentage of total count
                 A         B        C        D         E       F
            +---------+---------+-------+---------+---------+-------
      Total |       1 |       0 |   0.0 |       1 |       0 |   0.0
            +---------+---------+-------+---------+---------+-------
        D:1 |       1 |       0 |   0.0 |       1 |       0 |   0.0
            +---------+---------+-------+---------+---------+-------
